Map: Goldenaura LE

Players

Geralt (Gerald) - Winner!

  • Race: Protoss Protoss
  • League: Grandmaster
  • Spawn Location: 12:00

sebesdes

  • Race: Protoss Protoss
  • League: Grandmaster
  • Spawn Location: 5:00

Event: HomeStory Cup XXV

VOD

Have the link to the VOD?

Description

Time

  • Played on: June 21, 2024, 11:27 a.m.
  • Length: 10:06

All games in this series

Show
View Real Time Build Order
Export as new Build Order

Geralt Protoss - Winner!

Build Orders:  

Get SALT Encoding   

  12  0:00  Probe  
  13  0:12  Probe  
  14  0:17  Pylon  
  14  0:25  Probe (Chrono Boost)  
  15  0:37  Probe (Chrono Boost)  
  15  0:38  Gateway  
  16  0:44  Probe (Chrono Boost)  
  16  0:46  Assimilator  
  17  0:51  Probe  
  17  0:55  Assimilator  
  18  1:03  Probe (Chrono Boost)  
  19  1:12  Gateway  
  19  1:13  Probe (Chrono Boost)  
  20  1:24  Probe  
  21  1:26  Cybernetics Core  
  21  1:36  Probe  
  21  1:38  Pylon  
  22  1:49  Probe  
  23  2:01  Sentry, Probe  
  28  2:09  Warp Gate (Chrono Boost)  
  28  2:13  Probe, Pylon  
  29  2:25  Probe  
  29  2:26  Pylon  
  28  2:35  Stalker x2  
  32  2:39  Probe  
  33  2:53  Cybernetics Core  
  33  2:55  Probe  
  33  3:06  Nexus  
  33  3:09  Probe  
  34  3:16  Shield Battery  
  34  3:23  Probe  
  35  3:29  Twilight Council  
  35  3:32  Shield Battery  
  35  3:37  Probe  
  36  3:46  Pylon  
  36  3:50  Stalker, Probe  
  39  4:03  Shield Battery  
  39  4:07  Probe  
  39  4:08  Stalker  
  42  4:19  Probe  
  42  4:21  Stalker  
  42  4:24  Probe  
  46  4:25  Blink (Chrono Boost)  
  46  4:32  Probe (Chrono Boost)  
  46  4:36  Probe (Chrono Boost)  
  48  4:44  Probe (Chrono Boost)  
  50  4:47  Probe (Chrono Boost)  
  50  4:49  Probe (Chrono Boost)  
  50  4:50  Stalker  
  50  4:51  Stalker, Probe (Chrono Boost)  
  55  4:58  Robotics Facility  
  56  5:00  Probe  
  56  5:02  Probe  
  57  5:12  Probe  
  57  5:16  Stalker x2  
  57  5:19  Pylon  
  61  5:32  Nexus  
  61  5:35  Pylon  
  61  5:38  Probe  
  61  5:41  Forge  
  62  5:43  Probe  
  62  5:44  Observer (Chrono Boost)  
  62  5:49  Assimilator  
  64  5:51  Gateway  
  64  5:56  Probe  
  65  5:57  Stalker, Observer (Chrono Boost)  
  65  6:03  Stalker  
  65  6:04  Probe  
  71  6:11  Probe  
  72  6:16  Shield Battery, Probe, Protoss Ground Weapons Level 1 (Chrono Boost)  
  73  6:22  Stalker  
  73  6:23  Probe  
  76  6:28  Probe  
  77  6:35  Probe  
  78  6:41  Immortal (Chrono Boost)  
  78  6:44  Gateway x2, Probe  
  83  6:47  Probe  
  83  6:48  Probe  
  83  6:51  Stalker  
  83  6:53  Stalker  
  89  6:56  Probe  
  89  6:59  Pylon  
  90  7:04  Probe  
  90  7:08  Probe  
  92  7:13  Probe  
  92  7:14  Pylon  
  93  7:18  Probe, Immortal  
  97  7:29  Gateway  
  98  7:30  Gateway  
  98  7:32  Charge (Chrono Boost), Gateway  
  96  7:44  Probe  
  96  7:49  Probe  
  98  7:53  Protoss Ground Weapons Level 2 (Chrono Boost)  
  98  7:54  Nexus  
  98  7:55  Zealot x5, Pylon  
  108  8:01  Pylon  
  108  8:02  Pylon  
  108  8:15  Pylon  
  108  8:18  Gateway, Photon Cannon  
  108  8:19  Gateway  
  108  8:21  Zealot x2, Probe  
  108  8:23  Observer, Probe  
  114  8:27  Warp Prism (Chrono Boost)  
  114  8:31  Shield Battery  
  116  8:38  Pylon  
  116  8:39  Zealot x2  
  120  8:44  Zealot x2  
  120  8:48  Zealot x2  
  126  8:50  Probe  
  126  8:55  Pylon  
  129  8:57  Zealot x2  
  129  9:01  Pylon  
  133  9:08  Probe x2  
  135  9:10  Photon Cannon  
  129  9:26  Stalker x4, Zealot x2  
  129  9:27  Zealot x3  
  129  9:29  Zealot  
  131  9:50  Zealot x2  
  131  9:51  Zealot x8  
  131  9:52  Probe  
Show
View Real Time Build Order
Export as new Build Order

sebesdes Protoss 

Build Orders: Oracle Opening, Archon Immortal 

Get SALT Encoding   

  12  0:00  Probe  
  13  0:12  Probe  
  14  0:17  Pylon  
  14  0:24  Probe (Chrono Boost)  
  16  0:36  Gateway, Probe (Chrono Boost)  
  16  0:43  Probe (Chrono Boost)  
  16  0:46  Assimilator  
  17  0:50  Probe  
  17  0:54  Assimilator  
  18  1:03  Probe (Chrono Boost)  
  19  1:07  Gateway  
  20  1:12  Probe (Chrono Boost)  
  20  1:17  Probe (Chrono Boost)  
  20  1:24  Cybernetics Core  
  21  1:30  Probe  
  22  1:36  Pylon  
  22  1:42  Probe  
  23  1:54  Probe  
  23  2:00  Adept x2  
  28  2:03  Warp Gate  
  29  2:14  Stargate  
  28  2:18  Pylon  
  28  2:24  Probe  
  28  2:36  Stalker  
  30  2:38  Stalker  
  30  2:42  Probe  
  33  2:55  Oracle (Chrono Boost)  
  36  3:02  Probe  
  36  3:04  Pylon  
  37  3:14  Probe  
  38  3:22  Oracle (Chrono Boost)  
  38  3:26  Probe  
  42  3:42  Nexus  
  42  3:46  Probe  
  43  3:55  Twilight Council  
  43  3:59  Probe  
  42  4:11  Probe  
  43  4:23  Blink (Chrono Boost), Probe  
  40  4:32  Stalker x2  
  40  4:35  Probe  
  42  4:47  Probe  
  42  4:50  Gateway  
  43  4:54  Probe  
  43  4:56  Stalker x2  
  43  4:59  Probe  
  49  5:06  Probe  
  50  5:11  Probe  
  51  5:15  Shield Battery  
  51  5:18  Probe  
  51  5:21  Stalker x2  
  54  5:23  Probe  
  57  5:30  Probe  
  58  5:35  Probe, Pylon  
  56  5:42  Probe  
  56  5:43  Nexus  
  56  5:48  Stalker  
  59  5:53  Assimilator  
  59  5:54  Shield Battery  
  59  5:55  Probe  
  60  5:57  Sentry x2  
  60  5:59  Probe  
  60  6:04  Pylon  
  65  6:07  Probe  
  65  6:09  Forge  
  67  6:11  Probe  
  67  6:17  Robotics Facility  
  67  6:21  Probe (Chrono Boost)  
  67  6:22  Stalker  
  67  6:23  Probe (Chrono Boost)  
  71  6:26  Stalker  
  71  6:29  Protoss Ground Weapons Level 1 (Chrono Boost)  
  74  6:33  Probe (Chrono Boost)  
  74  6:36  Probe (Chrono Boost)  
  74  6:37  Pylon  
  74  6:39  Stalker  
  78  6:40  Probe (Chrono Boost)  
  78  6:54  Probe x2  
  78  6:57  Stalker x2  
  78  6:58  Probe  
  85  7:06  Probe x2  
  87  7:11  Probe  
  87  7:12  Assimilator, Immortal  
  87  7:13  Assimilator  
  92  7:19  Probe  
  92  7:20  Resonating Glaives  
  93  7:24  Pylon  
  93  7:27  Pylon  
  93  7:32  Pylon  
  93  7:35  Pylon  
  93  7:41  Assimilator  
  93  7:42  Probe x2  
  93  7:44  Probe  
  94  7:47  Cybernetics Core  
  94  7:51  Templar Archives, Immortal (Chrono Boost)  
  94  7:57  Probe  
  94  7:58  Probe  
  100  8:00  Probe, Pylon  
  101  8:09  Probe  
  102  8:13  Zealot x3  
  102  8:14  Probe  
  102  8:17  Probe  
  110  8:24  Pylon, Immortal  
  110  8:25  Photon Cannon  
  114  8:29  Nexus  
  114  8:38  Probe  
  115  8:43  Gateway  
  115  8:45  High Templar x2  
  115  8:46  Gateway  
  119  8:48  Probe  
  119  8:50  Gateway, Shield Battery  
  119  8:51  Gateway  
  119  8:52  Archon  
  119  8:54  Gateway, Probe  
  121  8:56  Probe  
  121  8:58  Immortal  
  121  9:01  Probe  
  123  9:06  Zealot  
  123  9:09  Probe  
  130  9:11  Pylon  
  130  9:18  High Templar x2  
  130  9:23  Archon  
  132  9:26  Probe  
  132  9:27  Shield Battery  
  132  9:28  Zealot  
  132  9:29  Probe x2  
  137  9:42  Zealot  
  137  9:45  Zealot  
  123  9:48  Zealot x3  
  123  9:51  Zealot x3  
  93  10:02  Zealot  
Tags
 
Add a new tag
Caveats
  • Supply blocks, unpowered buildings, or Contaminate may cause inaccurate times.
  • Supply counts are checked every 10 seconds.